AoeStats
← [GG] Shevchenko 7

Nomad

507652774Analyzed
3v3 RM · 15d ago on Sep 19, 2026· 51m 16s· 6 players
Game mode
Random Map
Map size
210×210
Population
200
Speed
Normal
Resources
Standard
Victory
Conquest
Starting age
Dark Age
Ending age
Imperial Age
RankedLock teamsTeams togetherTeam positionsShared explorationLock speedFull tech treeHidden civsTurbo modeCheats
Victory
Defeat
🇨🇴 Koreans · Colombia
1100
+12
🇨🇴 Spanish · Colombia
1036
+15
🇨🇴 Huns · Colombia
965
+17
1029
-16
🇧🇷 Magyars · Brazil
993
-14
🇧🇷 Huns · Brazil
990
-14
[GG] Shevchenko 7
4:20 Loom
15:48 Feudal Age
19:50 Scale Barding Armor
22:08 Forging
25:59 Castle Age
24:47 Double-Bit Axe
26:18 Elite Skirmisher
29:54 Bow Saw
31:24 Wheelbarrow
30:51 Fletching
31:02 Padded Archer Armor
38:02 Imperial Age
38:16 Iron Casting
37:42 Scale Mail Armor
38:24 Chain Barding Armor
38:35 Husbandry
38:22 Pikeman
39:02 Squires
39:55 Bodkin Arrow
43:03 Hand Cart
[GG] Raúl González Blanco
6:09 Loom
13:45 Feudal Age
17:56 Town Watch
23:22 Castle Age
31:01 Kamandaran
[GG] Trezeguet
6:28 Loom
14:26 Feudal Age
21:33 Castle Age
21:22 Bloodlines
22:59 Scale Mail Armor
29:37 Horse Collar
31:02 Heavy Plow
34:53 Imperial Age
36:34 Corvinian Army
Esteban
4:41 Loom
21:29 Feudal Age
28:24 Castle Age
28:12 Double-Bit Axe
28:11 Horse Collar
28:20 Fishing Lines
30:09 Scale Barding Armor
30:15 Forging
30:08 Padded Archer Armor
29:59 Fletching
31:19 Wheelbarrow
34:21 Thumb Ring
39:23 Hand Cart
40:09 Bow Saw
41:48 Gold Mining
42:14 Gillnets
44:27 Gold Shaft Mining
44:34 Chain Barding Armor
44:10 Bodkin Arrow
44:30 Leather Archer Armor
44:23 Stone Mining
45:35 Fervor
46:34 Iron Casting
46:14 Leather Archer Armor
50:14 Imperial Age
47:50 Town Watch
RTMatutino
3:46 Loom
19:20 Feudal Age
23:11 Castle Age
21:04 Double-Bit Axe
21:52 Fletching
22:05 Scale Mail Armor
22:15 Forging
23:17 Arson
24:36 Iron Casting
24:16 Chain Mail Armor
24:03 Squires
26:11 Gambesons
31:20 Eupseong
36:39 Wheelbarrow
39:20 Gold Mining
41:14 Stone Mining
41:53 Fletching
42:17 Masonry
42:02 Murder Holes
41:49 Treadmill Crane
42:58 Bow Saw
43:00 Bodkin Arrow
44:10 Ballistics
48:51 Imperial Age
Jarothi
11:00 Loom
13:30 Feudal Age
19:33 Castle Age
19:39 Bloodlines
19:33 Gold Mining
25:01 Town Watch
33:22 Imperial Age
31:33 Wheelbarrow
31:56 Padded Archer Armor
33:39 Hand Cart
37:09 Scale Barding Armor
37:15 Forging
38:21 Cavalier
39:37 Husbandry
40:54 Iron Casting
40:40 Chain Barding Armor
44:29 Plate Barding Armor
46:26 Town Patrol
50:47 Chemistry
49:23 Elite Conquistador
Connection lost

Rejoining the realm…

Still unreachable

The connection could not be restored.

Session expired

The server has moved on; the page needs a fresh start.